 Dungeon Crawl Stone Soup version 0.28-a0-1415-g7c84da036a (webtiles) character file.

Game seed: 15048883280574617050

1182 kae the Changer (level 8, -4/70 (73) HPs)
             Began as a Green Draconian Transmuter on Jan 7, 2022.
             Slain by a hornet (14 damage)
             ... on level 9 of the Dungeon.
             The game lasted 00:03:43 (7515 turns).

kae the Changer (Green Draconian Transmuter)        Turns: 7515, Time: 00:03:44

HP:   -4/70 (73)    AC:  7    Str: 13    XL:     8   Next: 19%
MP:   11/14         EV: 10    Int: 16    God:
Gold: 230           SH:  0    Dex: 11    Spells: 7/15 levels left

rFire   x . .      SeeInvis .     - Unarmed
rCold   + + +      Faith    .   (shield currently unavailable)
rNeg    . . .      Spirit   .   (armour unavailable)
rPois   +          Reflect  .   (helmet currently unavailable)
rElec   .          Harm     .   (cloak currently unavailable)
rCorr   .          Rampage  .   (gloves currently unavailable)
Will    .....                   (boots currently unavailable)
Stlth   +.........              (no amulet)
HPRegen 0.21/turn               b - ring of wizardry
MPRegen 0.14/turn               (no ring)

@: lethally poisoned (-4 -> -8), ice-form, lightly drained
A: freezing attack, amphibious, boosted hp, (breathe noxious fumes), AC +6,
large, unfitting armour, (poison resistance), (cold-blooded)
a: End Transformation


You were on level 9 of the Dungeon.
You were a creature of crystalline ice.
You visited 2 branches of the dungeon, and saw 8 of its levels.

You collected 230 gold pieces.

Inventory:

Jewellery
 b - a ring of wizardry (left front paw)
 i - a ring of see invisible
 l - a +6 ring of strength
Wands
 o - a wand of flame (17)
Scrolls
 h - 4 scrolls of identify
 p - 2 scrolls of noise
Potions
 a - 2 potions of curing
 c - a potion of degeneration {unknown}
 d - a potion of heal wounds
 e - 2 potions of might {unknown}
 f - a potion of lignification {unknown}
 g - a potion of flight {unknown}
 r - a potion of invisibility {unknown}


   Skills:
 + Level 1.9 Fighting
 + Level 2.1 Dodging
 * Level 3.5 Unarmed Combat
 + Level 4.4 Spellcasting
 * Level 6.6 Transmutations
 * Level 4.7 Ice Magic
 - Level 1.2 Poison Magic


You had 7 spell levels left.
You knew the following spells:

 Your Spells              Type           Power      Damage    Failure   Level
a - Beastly Appendage     Tmut           48%        N/A       1%          1
b - Spider Form           Tmut/Pois      16%        N/A       4%          3
c - Ice Form              Ice/Tmut       21%        N/A       6%          4

Your spell library contained the following spells:

 Spells                   Type           Power      Damage    Failure   Level
 Wereblood                Tmut           24%        N/A       1%          2
 Gell's Gravitas          Tloc           3%         N/A       19%         3
 Lesser Beckoning         Tloc           3%         N/A       19%         3
 Teleport Other           Tloc           3%         N/A       19%         3


Dungeon Overview and Level Annotations

Branches:
Dungeon (6/15)             Temple (1/1) D:4

Altars:
Ashenzari
Dithmenos
Fedhas
Gozag
Kikubaaqudgha
Makhleb
Nemelex Xobeh
Okawaru
Sif Muna
Trog
Vehumet
Xom
The Shining One

Shops:
D:1 (=   D:2 (


Innate Abilities, Weirdness & Mutations

You are a creature of crystalline ice.
You have a powerful freezing melee attack.
You are amphibious.
Your maximum health is increased.
Your armour is entirely melded.
You are incapable of wielding weapons or throwing items.
((You can breathe blasts of noxious fumes.))
((Your lurid green scales are hard. (AC +6)))
You cannot fit into any form of body armour.
((Your system is resistant to poisons. (rPois)))
((You are cold-blooded and may be slowed by cold attacks.))


Message History

You aren't carrying any weapons that can be enchanted.
You start waiting.
Your surroundings suddenly seem different.
A hornet comes into view.
Found 7 gold pieces.
Found an escape hatch in the ceiling.
Okay, then.
Okay, then.
Casting: Ice Form (dangerous; 6% risk of failure)
Confirm with . or Enter, or press ? or * to list all spells.
You turn into a creature of crystalline ice.
The hornet buzzes angrily.
The hornet misses you.
A wight comes into view. It is wielding a +3 mace of freezing.
The hornet stings you. x2
You hit the hornet but do no damage.
A wight comes into view. It is wielding a +0 flail.
The hornet barely misses you.
A wight comes into view. It is wielding a +0 war axe.
As you read the scroll labelled PUTTY NOME, it crumbles to dust.
You hear a loud clanging noise!
It was a scroll of noise.
You hear a croak.
You hear a bellow!
You hear a croak.
The hornet stings you!
You feel yourself slow down. The hornet stings you!
You are poisoned.
As you read the scroll labelled EXOIFF AGEIQER, it crumbles to dust.
The creatures around you are filled with an inner flame!
It was a scroll of immolation.
You feel yourself speed up.
You feel very sick. The hornet stings you! x2
* * * LOW HITPOINT WARNING * * *
As you read the scroll labelled ZUSAOWONYR, it crumbles to dust.
The scroll dissolves into smoke.
It was a scroll of fog.
You feel sick. The hornet closely misses you.
The wight hits you with a +3 mace of freezing.
* * * LOW HITPOINT WARNING * * *
You feel drained.
* * * LOW HITPOINT WARNING * * *
The hornet stings you!
You die...

... #
..### #
#......$#
#.#...#.
#......
#.§§..
#..§§#
#§Y#
#.§§zyz.#
#...z....#
#.#..###.#
#.#<.# # #
.... ....
.##..


You could see a hornet (inner flame) and 3 wights.

Vanquished Creatures
  A black bear (D:6)
  A sky beast (D:4)
  A centaur (D:5)
  An ogre (D:4)
  A gnoll sergeant (D:5)
  3 scorpions
  An orc priest (D:3)
  2 hounds (D:5)
  A gnoll shaman (D:4)
  Jessica (D:2)
  2 iguanas (D:5)
  3 orc wizards (D:4)
  5 adders
  16 gnolls
  5 dart slugs
  13 orcs
  4 ball pythons
  5 bats
  5 endoplasms
  5 giant cockroaches
  9 hobgoblins
  6 jackals
  2 quokkas
  4 frilled lizards
  5 goblins
  7 kobolds
  8 rats
117 creatures vanquished.

Vanquished Creatures (others)
  A plant (D:2)
1 creature vanquished.

Grand Total: 118 creatures vanquished

Notes
Turn   | Place    | Note
-------+----------+-------------------------------------------
     0 | D:1      | kae the Draconian Transmuter began the quest for the Orb.
     0 | D:1      | Reached XP level 1. HP: 16/16 MP: 3/3
   178 | D:1      | Reached XP level 2. HP: 12/23 MP: 3/5
   477 | D:1      | Found Biseg's Jewellery Boutique.
   484 | D:1      | Reached skill level 3 in Transmutations
   564 | D:1      | Found Baelosch's Weapon Boutique.
   616 | D:1      | Reached XP level 3. HP: 28/28 MP: 4/6
   620 | D:1      | Learned a level 3 spell: Spider Form
  1093 | D:2      | Found a glowing golden altar of the Shining One.
  1544 | D:2      | Reached skill level 1 in Poison Magic
  1597 | D:2      | Found Huguh Vuczu's Antique Weapon Emporium.
  1716 | D:2      | Noticed Jessica
  1730 | D:2      | Killed Jessica
  1731 | D:2      | Reached XP level 4. HP: 16/35 MP: 3/8
  2109 | D:2      | Found a faded altar of an unknown god.
  2703 | D:3      | Reached skill level 4 in Transmutations
  3066 | D:3      | Reached XP level 5. HP: 40/40 MP: 7/9
  3275 | D:3      | Learned a level 4 spell: Ice Form
  3788 | D:3      | Reached skill level 1 in Ice Magic
  3994 | D:4      | Noticed a sky beast
  4097 | D:4      | Killed a sky beast
  4098 | D:4      | Reached skill level 5 in Transmutations
  4098 | D:4      | Reached XP level 6. HP: 47/47 MP: 6/11
  4618 | D:4      | Your scales start taking on a lurid green colour.
  4618 | D:4      | Reached XP level 7. HP: 28/52 MP: 6/12
  4618 | D:4      | Gained mutation: Your system is resistant to poisons.
                  | (rPois) [Green Draconian growth]
  4804 | D:4      | Found a staircase to the Ecumenical Temple.
  4825 | Temple   | Entered the Ecumenical Temple
  5808 | D:5      | Entered Level 5 of the Dungeon
  5859 | D:5      | Found a radiant altar of Vehumet.
  5965 | D:5      | Reached skill level 6 in Transmutations
  6895 | D:5      | Reached XP level 8. HP: 24/59 MP: 10/14
  7503 | D:6      | You fall into a shaft and drop 3 floors!
  7509 | D:9      | Noticed a hornet
  7515 | D:9      | Slain by a hornet

Illustrated notes

Levels and vault maps discovered:
D:1:      elethiomel_arrival_infinity_welcomes_careful_drivers, layout_rooms,
          serial_shops, shop, nicolae_shop_behind_doors, serial_forest,
          infiniplex_forest_clump_small, infiniplex_forest_lined_room_2,
          infiniplex_forest_zigzag_2, infiniplex_forest_clump_medium,
          infiniplex_forest_clump_tiny, infiniplex_forest_zigzag_1,
          infiniplex_forest_lined_3, infiniplex_forest_lined_3,
          infiniplex_forest_3_way
D:2:      layout_loops_corners, serial_shops, shop, serial_forest,
          infiniplex_forest_end_double, infiniplex_forest_fountain,
          infiniplex_forest_split, infiniplex_forest_end_3,
          infiniplex_forest_corner_1, shapermc_ecumenical_altar_hornbeckon,
          basic_altar, hangedman_decor_clover_reticule, uniq_jessica
D:3:      layout_basic
D:4:      layout_basic, minmay_temple_entry_arrows, corner_web_ring
D:5:      layout_basic, lemuel_doored_altar, minmay_misc_feat_nine_boxes
D:6:      layout_loops_cross, chei_slow_surprise,
          nicolae_qazlal_general_emergency, lemuel_crystal_altar
D:9:      layout_stronghold, nicolae_tso_carved_into_rock,
          yredelemnul_altar_generic, uniq_erica, uniq_psyche
Temple:   chequers_temple_sunken

Skill      XL: |  1  2  3  4  5  6  7  8 |
---------------+-------------------------+-----
Transmutations | 3 4 5 6 |  6.6
Poison Magic   | 1 |  1.2
Spellcasting   | 3 4 |  4.4
Ice Magic      | 2 3 4 |  4.7
Dodging        | 2 |  2.1
Fighting       | |  1.9
Unarmed Combat | |  3.5

Action                   |  1- 3 |  4- 6 |  7- 9 || total
-------------------------+-------+-------+-------++-------
Melee: Unarmed           |   105 |   130 |    82 ||   317
       Headbutt          |     9 |    11 |       ||    20
       Kick              |     8 |     7 |       ||    15
       Tailslap          |    19 |     4 |     1 ||    24
       Punch             |       |     1 |       ||     1
 Cast: Beastly Appendage |    22 |    13 |       ||    35
       Spider Form       |     1 |     4 |     4 ||     9
       Ice Form          |       |     4 |    12 ||    16
 Abil: Breathe Noxious F |       |       |     1 ||     1
  Use: Scroll            |     2 |     2 |     6 ||    10
Armor: Skin              |    32 |    24 |    18 ||    74
Dodge: Dodged            |    78 |    82 |    64 ||   224

Table legend: (Time is in decaauts)
 A = Elapsed time spent in this place.
 B = Non-inter-level travel time spent in this place.
 C = Inter-level travel time spent in this place.
 D = Time resting spent in this place.
 E = Time spent auto-exploring this place.
 F = Levels seen in this place.
 G = Mean time per level.
                   A        B        C        D        E       F      G
               +--------+--------+--------+--------+--------+-----+--------+
         Total |   7560 |   7352 |    208 |    318 |   6092 |   8 |  945.0 |
       Dungeon |   7329 |   7136 |    193 |    318 |   5883 |   7 | 1047.0 |
        Temple |    231 |    217 |     14 |      0 |    209 |   1 |  231.0 |
               +--------+--------+--------+--------+--------+-----+--------+

Top non-repeatable levels by time:
     D:4: 2432 daAuts
     D:2: 1484 daAuts
     D:3: 1286 daAuts
     D:1: 1017 daAuts
     D:5: 1017 daAuts
  Temple: 231 daAuts
     D:6: 78 daAuts
     D:9: 12 daAuts
